 Dungeon Crawl Stone Soup version 0.18.1-1-g2f07953 (webtiles) character file.

3006 Korgoth the Cleaver (level 9, -9/81 HPs)
             Began as a Hill Orc Fighter on May 8, 2016.
             Was a Believer of Beogh.
             Killed by divine providence
             ... invoked by an orc priest
              (13 damage)
             ... on level 9 of the Dungeon.
             The game lasted 01:16:36 (8778 turns).

Korgoth the Cleaver (Hill Orc Fighter)              Turns: 8778, Time: 01:16:37

Health: -9/81      AC: 17    Str: 20    XL:     9   Next: 84%
Magic:  9/9        EV:  7    Int: 10    God:    Beogh [**....]
Gold:   295        SH: 11    Dex: 10    Spells: 0 memorised, 8 levels left

rFire  . . .     SeeInvis .     a - +0 war axe
rCold  + . .     Gourm    +     r - +4 chain mail
rNeg   . . .     Faith    .     c - +0 shield
rPois  .         Spirit   .     (no helmet)
rElec  .         Dismiss  .     (no cloak)
rCorr  .         Reflect  .     (no gloves)
SustAt .         Harm     .     y - +0 pair of boots
MR     .....                    G - amulet of the gourmand
Stlth  ..........               u - ring of ice
                                C - ring of protection from fire

@: not resistant to hostile enchantments, extremely unstealthy
A: no striking features
a: Smiting, Renounce Religion


You were on level 9 of the Dungeon.
You worshipped Beogh.
Beogh was pleased with you.
You were completely stuffed.

You visited 1 branch of the dungeon, and saw 9 of its levels.

You collected 503 gold pieces.
You spent 208 gold pieces at shops.

Inventory:

Hand Weapons
 a - a +0 war axe (weapon)
 e - the +6 short sword "Boucluyt" {distort, Int+3, unknown}
   (You found it on level 7 of the Dungeon)

   It warps and distorts space around it.
   Unwielding it can cause banishment or high damage.
   It affects your intelligence (+3).
 g - a +0 short sword of draining
 j - a +0 scythe
 q - a +0 hand axe
 I - a +0 hand axe
 K - a +2 dagger of venom
 L - a +1 mace of protection
 O - a +0 blowgun
 P - a +2 shortbow of flaming
 Q - a +0 dagger of speed
 V - a +0 battleaxe
 Z - a +0 hand axe
Missiles
 m - 156 stones (quivered)
 v - 33 poisoned needles
 x - 131 arrows
Armour
 c - a +0 shield (worn)
 r - a +4 chain mail (worn)
 y - a +0 pair of boots (worn)
 W - a +1 scale mail of cold resistance
Jewellery
 i - an uncursed ring of stealth
 u - a ring of ice (right hand)
 C - a ring of protection from fire (left hand)
 G - an amulet of the gourmand (around neck)
 S - an uncursed amulet of faith
Wands
 d - a wand of slowing (7/48)
 t - a wand of lightning (8/15)
 F - a wand of confusion (23/48)
 M - a wand of slowing (25/48)
Scrolls
 b - a scroll of enchant weapon {unknown}
 k - a scroll of immolation {unknown}
 l - 2 scrolls of enchant armour
 s - 5 scrolls of noise
 z - a scroll of magic mapping
 B - 3 scrolls of teleportation
 E - a scroll of fog {unknown}
 N - 2 scrolls of recharging {unknown}
 U - 2 scrolls of amnesia {unknown}
 X - 2 scrolls of identify
Potions
 h - a potion of might
 n - a potion of flight
 o - 3 potions of curing
 p - a potion of lignification {unknown}
 w - a potion of cure mutation {unknown}
 A - a potion of brilliance {unknown}
 D - 2 potions of cancellation
 H - a potion of heal wounds {unknown}
 T - a potion of berserk rage {unknown}
 Y - a potion of magic {unknown}
Books
 J - a book of Party Tricks

   Spells                             Type                      Level
   a - Summon Butterflies             Summoning                    1
   b - Apportation                    Translocation                1
   c - Tukima's Dance                 Hexes                        3
   d - Alistair's Intoxication        Transmutation/Poison         5
   e - Invisibility                   Hexes                        6
Comestibles
 f - 3 bread rations
 R - 2 fruits


   Skills:
 * Level 8.1 Fighting
 * Level 9.8 Axes
 * Level 8.2 Armour
 - Level 1.8 Dodging
 + Level 7.2 Shields
 + Level 0.2 Evocations


You had 8 spell levels left.
You didn't know any spells.

Dungeon Overview and Level Annotations

Branches:
Dungeon (9/15)             Temple (0/1) D:7
   Lair: D:8-11         Orc: D:9-12

Altars:
Dithmenos
Fedhas
Gozag
Nemelex Xobeh
Okawaru
Qazlal
Ru
Trog
Vehumet
Xom
Yredelemnul
The Shining One

Shops:
D:8 }

Annotations:
D:7 4 runed doors


Message History

Zapping:
t - a wand of lightning (9/15)
Press: ? - help, Shift-Dir - straight line, f - orc
Aim: an orc (moderately wounded)
You hear a mighty clap of thunder!
The bolt of lightning misses the orc.
The bolt of lightning hits the orc.
You kill the orc!
Beogh accepts your kill.
The bolt of lightning hits the orc priest.
The orc priest is moderately wounded.
The bolt of lightning hits the orc wizard.
The orc wizard is heavily wounded.
This wand has 8 charges left.
You hear a shout!
You hear an angry buzzing noise. x3; You hear a shout!
You hear a howl!
The orc hits you.
* * * LOW HITPOINT WARNING * * *
The orc priest invokes the aid of Beogh against you.
Beogh smites you!
You die...
Beogh appreciates the orc priest's killing of a heretic priest.

....### ....%..
#.. #...... ..
....... #.#
...oZ ..# #oo##
#..# .#
#o###...#.#
##o{#.....#####
##@).........
##.###.....
##.# ..##♣
#..####....♣
#..........♣
#.##....##..♣
#.# ##..## .♣
... ##.####>♣
..... #..##..#
♣♣♣


You could see 2 orc priests, an orc wizard, 2 orcs and a killer bee zombie.

Vanquished Creatures
  Sigmund (D:2)
  A hippogriff (D:8)
  Menkaure (D:6)
  A soldier ant (D:8)
  An orc warrior (D:7)
  An ice beast (D:6)
  2 phantoms
  A sky beast (D:6)
  2 necrophages
  4 ogres
  A centaur (D:5)
  2 big kobolds
  4 giant frogs
  3 howler monkeys
  3 crimson imps (D:7)
  2 hounds (D:7)
  A jelly (D:6)
  3 giant frog skeletons
  2 orc priests
  7 orc wizards
  A centaur skeleton (D:6)
  An iguana (D:5)
  Ijyb (D:2)
  Terence (D:2)
  3 worker ants
  A hound skeleton (D:8)
  A mummy (D:6)
  A howler monkey skeleton (D:7)
  6 adders
  2 shadow imps
  2 oozes
  An adder skeleton (D:6)
  A worm (D:2)
  5 dart slugs
  2 giant geckos
  27 orcs
  9 bats
  5 giant cockroaches
  8 goblins
  5 hobgoblins
  4 jackals (D:3)
  3 quokkas
  2 giant newts
  14 kobolds
  9 rats
158 creatures vanquished.

Vanquished Creatures (others)
  A centaur (D:9)
  An orc (D:3)
  3 rats (D:3)
5 creatures vanquished.

Grand Total: 163 creatures vanquished

Notes
Turn   | Place    | Note
--------------------------------------------------------------
     0 | D:1      | Korgoth the Hill Orc Fighter began the quest for the Orb.
     0 | D:1      | Reached XP level 1. HP: 19/19 MP: 1/1
   199 | D:1      | Reached XP level 2. HP: 24/27 MP: 2/2
   524 | D:1      | Reached skill level 3 in Axes
   524 | D:1      | Reached XP level 3. HP: 16/33 MP: 3/3
   945 | D:2      | Noticed Terence
   969 | D:2      | Killed Terence
   969 | D:2      | Reached XP level 4. HP: 24/41 MP: 4/4
  1051 | D:2      | Noticed Sigmund
  1083 | D:2      | Killed Sigmund
  1083 | D:2      | Reached skill level 4 in Axes
  1083 | D:2      | Reached skill level 1 in Dodging
  1083 | D:2      | Reached XP level 5. HP: 25/47 MP: 5/5
  1261 | D:2      | Reached XP level 6. HP: 53/53 MP: 6/6
  1475 | D:2      | Noticed Ijyb
  1477 | D:2      | Killed Ijyb
  2165 | D:3      | Found a glowing golden altar of the Shining One.
  2170 | D:3      | Noticed an angel
  2338 | D:3      | Reached skill level 5 in Fighting
  2452 | D:3      | Became a worshipper of Beogh the Brigand
  2831 | D:3      | Found a basalt altar of Yredelemnul.
  2840 | D:3      | Noticed a profane servitor
  3080 | D:4      | Reached skill level 5 in Shields
  3095 | D:4      | Reached skill level 5 in Axes
  3149 | D:4      | Reached XP level 7. HP: 61/61 MP: 7/7
  3289 | D:4      | Found a shimmering altar of Xom.
  3292 | D:4      | Found a shimmering altar of Xom.
  3311 | D:4      | Found a shimmering altar of Xom.
  3312 | D:4      | Found a shimmering altar of Xom.
  3317 | D:4      | You fall through a shaft!
  3317 | D:5      | Entered Level 5 of the Dungeon
  3326 | D:5      | Reached skill level 5 in Armour
  3359 | D:5      | Reached skill level 6 in Axes
  3576 | D:5      | Reached * piety under Beogh
  4016 | D:5      | Reached XP level 8. HP: 58/70 MP: 8/8
  4174 | D:5      | Found a sparkling altar of Nemelex Xobeh.
  4174 | D:5      | Found an opulent altar of Gozag.
  4316 | D:5      | Found a shadowy altar of Dithmenos.
  4952 | D:6      | Noticed Menkaure
  4975 | D:6      | Killed Menkaure
  4975 | D:6      | Reached skill level 7 in Axes
  5599 | D:6      | Found a sacrificial altar of Ru.
  5999 | D:6      | Found a bloodstained altar of Trog.
  6000 | D:6      | Found an iron altar of Okawaru.
  6171 | D:7      | Reached skill level 8 in Axes
  6201 | D:7      | Reached XP level 9. HP: 71/79 MP: 9/9
  6232 | D:7      | Found a staircase to the Ecumenical Temple.
  6476 | D:7      | Found a huge runed gate.
  6476 | D:7      | Found a huge runed gate.
  6477 | D:7      | Found a huge runed gate.
  6478 | D:7      | Noticed a polar bear
  6478 | D:7      | Found a huge runed gate.
  6478 | D:7      | Noticed a polar bear
  6478 | D:7      | Noticed a polar bear
  6479 | D:7      | Noticed a polar bear
  6479 | D:7      | Noticed a polar bear
  6516 | D:7      | Found a radiant altar of Vehumet.
  6670 | D:7      | Got a jewelled short sword
  6711 | D:7      | Found a blossoming altar of Fedhas.
  7173 | D:7      | Found a stormy altar of Qazlal.
  7334 | D:8      | Reached skill level 9 in Axes
  7352 | D:8      | Found an iron altar of Okawaru.
  7836 | D:8      | Reached ** piety under Beogh
  8019 | D:8      | Found Tacvek's Gadget Shoppe.
  8027 | D:8      | Bought a wand of lightning (9/15) for 208 gold pieces
  8778 | D:9      | HP: 4/81 [orc (1)]
  8778 | D:9      | Killed from afar by an orc priest

Skill      XL: |  1  2  3  4  5  6  7  8  9 |
---------------+----------------------------+-----
Fighting       | 4 5 7 8 |  8.1
Axes           | 3 4 5 6 8 9 |  9.8
Armour         | 4 5 6 8 |  8.2
Dodging        | 1 |  1.8
Shields        | 4 5 6 7 |  7.2
Evocations     | |  0.2

Action                   |  1- 3 |  4- 6 |  7- 9 || total
-------------------------+-------+-------+-------++-------
Melee: War axe           |    91 |   165 |   491 ||   747
Invok: Convert to Beogh  |       |     1 |       ||     1
Evoke: Wand              |       |       |     2 ||     2
  Use: Potion            |       |     2 |     2 ||     4
       Scroll            |       |     2 |     7 ||     9
  Eat: Chunk             |       |     3 |    10 ||    13
       Meat ration       |       |     1 |     2 ||     3
       Fruit             |       |       |     5 ||     5
       Beef jerky        |       |       |     1 ||     1
       Royal jelly       |       |       |     1 ||     1
Armor: Scale mail        |    56 |       |       ||    56
       Chain mail        |       |    90 |   221 ||   311
Dodge: Dodged            |    35 |    45 |    92 ||   172
Block: Shield            |    64 |    86 |   245 ||   395
